 Dungeon Crawl Stone Soup version 0.30-a0-728-gc68057be0a (webtiles) character file.

Game seed: 4220655765239794446

68143 arthad the Convoker (level 14, -15/67 HPs)
             Began as a Felid Summoner on Jan 30, 2023.
             Was an Initiate of Gozag.
             Shot with a bolt by a naga sharpshooter (24 damage)
             ... on level 1 of the Snake Pit on Feb 1, 2023.
             The game lasted 03:03:00 (27233 turns).

arthad the Convoker (Felid Summoner)               Turns: 27233, Time: 03:03:00

Health: -15/67     AC:  3    Str: 11    XL:     14   Next: 85%
Magic:  31/31      EV: 28    Int: 24    God:    Gozag
Gold:   4201       SH:  0    Dex: 23    Spells: 0/37 levels left
                                        Lives:  0   Deaths: 5

rFire   + . .      SeeInvis +      - Unarmed
rCold   + . .      Faith    .    (shield unavailable)
rNeg    . . .      Spirit   .    (body armour unavailable)
rPois   +          Reflect  .    (helmet unavailable)
rElec   .          Harm     .    (cloak unavailable)
rCorr   .          Rampage  .    (gloves unavailable)
Will    ++...                    (boots unavailable)
Stlth   +++                      d - amulet "Oraipra" {RegenMP rPois rF- Regen+ Str+3}
HPRegen 1.11/turn                J - ring "Xishreih" {rF++ Str+4 Dex+6}
MPRegen 0.62/turn                Y - ring of wizardry

@: constricted, quick
A: very small, claws 1, fangs 3, see invisible, speed 1, shaggy fur 3, stealthy
paws, no weapons or thrown items, no armour, multi-lived
a: Renounce Religion, Potion Petition, Call Merchant, Bribe Branch


You were on level 1 of the Snake Pit.
You worshipped Gozag.
Gozag was most pleased with you.
You visited 6 branches of the dungeon, and saw 26 of its levels.
You also visited: Sewer, Ossuary and Bailey.

You collected 12965 gold pieces.
You spent 1635 gold pieces at shops.
You paid 7129 gold pieces to Gozag.

Inventory:

Jewellery
 c - a ring of resist corrosion
 d - the amulet "Oraipra" (around neck) {RegenMP rPois rF- Regen+ Str+3}
   (You found it on level 2 of the Dungeon)

   [amulet of magic regeneration]

   It increases your rate of magic regeneration.
   Str:       It affects your strength (+3).
   rF:        It makes you vulnerable to fire.
   rPois:     It protects you from poison.
   Regen:     It increases your rate of health regeneration.
 e - an amulet of magic regeneration
 p - the ring of Hacvelin {rF++ rN+}
   (You found it on level 5 of the Lair of Beasts)

   [ring of positive energy]

   rF:        It greatly protects you from fire.
   rN:        It protects you from negative energy.
 s - a ring of flight
 E - a ring of protection from cold
 H - a +6 ring of intelligence
 J - the ring "Xishreih" (left paw) {rF++ Str+4 Dex+6}
   (You acquired it on level 7 of the Dungeon)

   [ring of dexterity]

   Str:       It affects your strength (+4).
   Dex:       It affects your dexterity (+6).
   rF:        It greatly protects you from fire.
 R - a +6 ring of intelligence
 U - a ring of wizardry
 V - a ring of ice
 X - the amulet "Weikh" {Reflect Rampage rF+ Dex-4 SH+5 Stlth+}
   (You found it on level 12 of the Dungeon)

   [amulet of reflection]

   It reflects blocked missile attacks.
   Dex:       It affects your dexterity (-4).
   rF:        It protects you from fire.
   SH:        It affects your SH (+5).
   Rampage:   It bestows one free step when moving towards enemies.
   Stlth:     It makes you more stealthy.
 Y - a ring of wizardry (right paw)
Wands
 f - a wand of acid (5)
 r - a wand of paralysis (22)
 t - a wand of roots (25)
 w - a wand of polymorph (5)
 P - a wand of mindburst (8)
 S - a wand of digging (16)
Scrolls
 b - 4 scrolls of butterflies
 h - 3 scrolls of immolation
 j - 3 scrolls of vulnerability
 k - 4 scrolls of blinking
 l - 7 scrolls of teleportation
 q - 2 scrolls of fog
 y - 7 scrolls of enchant weapon
 z - 3 scrolls of amnesia
 B - 3 scrolls of poison
 D - a scroll of silence
 G - a scroll of enchant armour
 M - a scroll of fear
 O - a scroll of torment
 Z - 2 scrolls of magic mapping
Potions
 a - 2 potions of magic
 g - 5 potions of might
 i - 4 potions of brilliance
 m - 9 potions of lignification
 n - 7 potions of mutation
 o - 7 potions of curing
 u - 3 potions of berserk rage
 v - 7 potions of attraction
 x - 2 potions of cancellation
 C - 3 potions of flight
 F - 2 potions of invisibility
 I - a potion of resistance
 K - 3 potions of haste
 W - 2 potions of ambrosia
Miscellaneous
 L - a box of beasts
 N - a condenser vane (inert)
 Q - a lightning rod (4/4)
 T - a phantom mirror (inert)


   Skills:
 + Level 11.3 Fighting
 + Level 13.5 Dodging
 - Level 2.6 Stealth
 * Level 9.1 Unarmed Combat
 - Level 12.0 Spellcasting
 - Level 5.0 Hexes
 * Level 15.1 Summonings
 + Level 11.6 Translocations
 * Level 9.1 Transmutations
 + Level 11.3 Air Magic
 - Level 5.0 Evocations


You couldn't memorise any spells.
You knew the following spells:

 Your Spells              Type           Power      Damage    Failure   Level
a - Summon Hydra          Summ           36%        N/A       3%          7
b - Wereblood             Tmut           55%        N/A       1%          2
c - Call Canine Familiar  Summ           72%        N/A       1%          3
d - Summon Guardian Gole  Hex/Summ       58%        N/A       1%          3
e - Summon Lightning Spi  Summ/Air       67%        N/A       1%          4
f - Manifold Assault      Tloc           63%        N/A       1%          4
g - Blink                 Tloc           100%       N/A       1%          2
h - Summon Cactus Giant   Summ           36%        N/A       1%          6
i - Storm Form            Tmut/Air       29%        N/A       21%         7

Your spell library contained the following spells:

 Spells                   Type           Power      Damage    Failure   Level
 Summon Small Mammal      Summ           100%       N/A       0%          1
 Call Imp                 Summ           72%        N/A       0%          2
 Kiss of Death            Conj/Necr      56%        2d9       1%          1
 Magic Dart               Conj           56%        1d5       1%          1
 Sandblast                Erth           28%        2d8       1%          1
 Cigotuvi's Dreadful Rot  Necr/Pois/Air  64%        N/A       1%          2
 Passwall                 Tmut/Erth      30%        N/A       1%          2
 Confusing Touch          Hex            38%        N/A       1%          3
 Dazzling Flash           Conj/Hex       52%        N/A       1%          3
 Inner Flame              Hex/Fire       26%        N/A       1%          3
 Passage of Golubria      Tloc           63%        N/A       1%          4
 Summon Ice Beast         Ice/Summ       50%        N/A       1%          4
 Silence                  Hex/Air        26%        N/A       1%          5
 Scorch                   Fire           28%        2d6       2%          2
 Searing Ray              Conj           28%        2d5       2%          2
 Sublimation of Blood     Necr           14%        N/A       2%          2
 Cause Fear               Hex            19%        N/A       2%          4
 Ice Form                 Ice/Tmut       36%        N/A       2%          4
 Dispersal                Tloc           31%        N/A       2%          6
 Frozen Ramparts          Ice            28%        1d5       5%          3
 Ozocubu's Armour         Ice            14%        N/A       5%          3
 Stone Arrow              Conj/Erth      28%        3d8       5%          3
 Anguish                  Hex/Necr       13%        N/A       6%          4
 Fulminant Prism          Conj/Hex       13%        3d9       6%          4
 Dispel Undead            Necr           14%        3d10      16%         4
 Flame Wave               Conj/Fire      14%        2d6       16%         4
 Sticky Flame             Conj/Fire      14%        2d4       16%         4
 Dragon Form              Tmut           27%        N/A       32%         7
 Agony                    Necr           14%        N/A       41%         5
 Borgnjor's Vile Clutch   Necr/Erth      7%         N/A       41%         5
 Disjunction              Tloc           31%        N/A       65%         8
 Enfeeble                 Hex            19%        N/A       86%         7
 Death Channel            Necr           7%         N/A       92%         6
 Dragon's Call            Summ           36%        N/A       96%         9
 Ozocubu's Refrigeration  Ice            7%         4d9       100%        7
 Lehudib's Crystal Spear  Conj/Erth      7%         10d3      100%        8
 Animate Dead             Necr           Unusable   N/A       N/A         4

Dungeon Overview and Level Annotations

Branches:
Dungeon (15/15)            Temple (0/1) D:4            Lair (5/5) D:8
 Shoals (2/4) Lair:3        Snake (1/4) Lair:3        Slime (0/5) Lair:5
    Orc (2/2) D:9             Elf (0/3) Orc:2        Vaults (0/5) D:13
 Depths (1/4) D:15          Sewer (visited)         Ossuary (visited)
 Bailey (visited)

Altars:
Dithmenos
Fedhas
Gozag
Hepliaklqana
Kikubaaqudgha
Makhleb
Nemelex Xobeh
Qazlal
Ru
Sif Muna
Trog
Uskayaw
Wu Jian
Yredelemnul
Zin
Jiyva

Shops:
D:3 *   Orc:2 [:*(   Lair:1 :*==:   Lair:5 =   Shoals:2 (

Annotations:
D:10 2 transporters, browni3141's ghost, journeyman TrBe
Lair:1 3 runed translucent doors, Esekla's ghost, journeyman OpDe


Innate Abilities, Weirdness & Mutations

You have sharp claws.
You have razor-sharp teeth.
You have supernaturally acute eyesight. (SInv)
You cover ground quickly. (Speed+)
Your thick and shaggy fur keeps you warm. (AC +3, rC+)
Your paws help you pounce on unaware monsters.
You are incapable of wielding weapons or throwing items.
You cannot wear armour.
You gain extra lives every three experience levels.


Message History

Casting: Summon Hydra (quite dangerous; 3% risk of failure)
Confirm with . or Enter, or press ? or * to list all spells.
Okay, then.
Unknown command.
Unknown command.
The black mamba misses you.
The naga sharpshooter shoots a bolt.
The bolt hits your cactus giant!! The black mamba bites you!
* * * LOW HITPOINT WARNING * * *
You are lethally poisoned!
The black mamba poisons you!
Unknown command. [a] - 260 gold - heal wounds and magic [b] - 390 gold - heal wounds, curing and berserk rage [c] - 720 gold - haste, resistance, heal wounds and berserk rage Purchase which effect?
You feel much better. Magic courses through your body.
You feel very sick. The black mamba completely misses you.
The naga sharpshooter shoots an arrow.
The arrow hits your eight-headed hydra!
Your cactus giant closely misses the black mamba.
The naga mage spits poison at you. The splash of poison hits you.
You are more poisoned.
You resist.
* * * LOW HITPOINT WARNING * * *
The naga sharpshooter shoots a bolt.
The bolt hits your eight-headed hydra!!
You feel better. The black mamba closely misses you.
The naga mage completely misses you. The naga mage grabs you.
The naga mage constricts you.
The naga sharpshooter mumbles some strange words.
The naga sharpshooter magically shoots an arrow.
The arrow hits you!
* * * LOW HITPOINT WARNING * * *
The black mamba bites you.
* * * LOW HITPOINT WARNING * * *
The naga sharpshooter mumbles some strange words.
The naga sharpshooter magically shoots a bolt.
The bolt hits you!!
You die...
Your body crumbles into a pile of gold.

.. ..# .## #.# ..? ..
#.# #####.. #####.#
#.### #...... .......
##...###....#
.......###...N.......#
.....8..##..........##
#NS..DN.....###
#@C.#..##$.$####
#.....###..$.N.#
#####.# #...##.#
...##...# N.
.........# ..
#.....N.### . .......
#.....# ..##..


You could see 2 naga sharpshooters, a black mamba (ally target), a naga mage
(fast), a friendly eight-headed hydra (summoned) and a friendly cactus giant
(summoned).

Vanquished Creatures
  Nessos (Lair:4)
  A centaur warrior (D:14)
  A fire crab (D:14)
  2 harpies (Shoals:1)
  7 ugly things
  An elephant (Lair:5)
  A water nymph (Shoals:2)
  A black mamba (Lair:3)
  A nameless horror (Lair:3)
  A dream sheep (Lair:5)
  3 orc warriors (Orc:2)
  A scorpion (D:6)
  A killer bee (D:9)
  9 electric eels
  2 orc priests
  An ufetubus (D:5)
  10 orcs
  A ball python (D:1)
  An endoplasm (D:3)
  A goblin (D:1)
  A bat (D:1)
48 creatures vanquished.

Vanquished Creatures (collateral kills)
  Gastronok (Lair:1)
  A storm dragon (D:14)
  The ghost of Zoap the Impregnable, a journeyman MiBe of Trog (Orc:1)
  A fire giant (D:11)
  A frost giant (Depths:1)
  A juggernaut zombie (D:15)
  2 orc warlords
  4 very ugly things (Depths:1)
  A stone giant (D:14)
  A merfolk impaler (Shoals:1)
  An ettin (D:11)
  A jiangshi (Depths:1)
  Harold (Lair:1)
  3 hydras
  Fannar (Lair:1)
  A rakshasa (D:11)
  An anaconda (Snake:1)
  2 merfolk avatars (Shoals:1)
  2 centaur warriors
  2 catoblepae
  3 merfolk aquamancers
  4 boulder beetles
  2 dancing weapons (D:13)
  8 death yaks
  2 two-headed ogres
  4 tengu warriors
  2 orc high priests (Orc:2)
  Urug (Lair:3)
  A deep troll earth mage (D:14)
  Sonja (Lair:3)
  2 skeletal warriors (D:15)
  A goliath frog (Lair:5)
  A sphinx zombie (D:15)
  6 harpies
  A tengu zombie (D:15)
  A lindwurm (shapeshifter) (D:15)
  4 orc knights (Orc:2)
  5 sea snakes
  A phantasmal warrior (D:15)
  4 deep elf pyromancers
  A necromancer (D:15)
  14 ugly things
  5 fauns (Shoals:2)
  2 oklob plants
  2 orc sorcerers
  4 cyclopes
  6 manticores
  A salamander (Lair:3)
  8 elephants (Lair:5)
  3 merfolk sirens
  6 slime creatures (D:12)
  A black mamba (Lair:1)
  A water nymph (Shoals:2)
  A gargoyle (D:13)
  An unseen horror (D:11)
  14 cane toads
  19 komodo dragons
  Psyche (D:9)
  A freezing wraith (D:15)
  A rime drake (Lair:3)
  A tengu conjurer (D:13)
  3 trolls
  4 meliai
  2 tyrant leeches (Lair:5)
  A queen bee (D:11)
  3 wind drakes
  6 merfolk
  A polar bear (Lair:3)
  4 hornets
  A blink frog (shapeshifter) (D:11)
  Grinder (D:3)
  7 snapping turtles
  4 dream sheep (Lair:5)
  20 blink frogs
  10 water elementals
  A centaur simulacrum (D:11)
  8 wyverns
  A shadow (D:12)
  3 hogs (Lair:3)
  2 basilisks
  2 wraiths
  37 yaks
  2 steam dragons
  A basilisk (shapeshifter) (D:11)
  18 vampire mosquitoes
  7 wargs
  3 nagas (Snake:1)
  An acid dragon (D:14)
  11 water moccasins
  A glowing shapeshifter skeleton (D:15)
  29 orc warriors
  A black bear (D:5)
  3 ogres (Orc:1)
  14 wolves
  A boggart (D:11)
  5 centaurs
  A phantom (D:7)
  2 nameless horrors
  18 bullfrogs
  A necrophage (D:5)
  2 scorpions
  3 wights
  16 killer bees
  2 centaur zombies (Ossuary)
  2 howler monkeys
  4 lava snakes (Lair:3)
  5 jellies
  13 orc priests
  4 hounds
  2 gnoll boudas (D:9)
  3 iguanas
  17 orc wizards
  4 hell rats (Lair:2)
  2 hound zombies (Ossuary)
  3 mummies (Ossuary)
  6 river rats
  12 adders
  13 gnolls
  4 adder zombies (Ossuary)
  2 worms
  70 orcs
  9 endoplasms
  3 giant cockroaches
  8 goblins
  7 hobgoblins
  10 jackals
  10 kobolds
  5 quokkas
  17 ball pythons
  4 bats
  6 frilled lizards
  A gnoll zombie (Ossuary)
  3 goblin zombies (Ossuary)
  3 hobgoblin zombies (Ossuary)
  3 jackal zombies (Ossuary)
  4 kobold zombies (Ossuary)
  3 orc zombies (Ossuary)
  2 quokka zombies (Ossuary)
  25 rats
  3 rat zombies (Ossuary)
731 creatures vanquished.

Vanquished Creatures (others)
  Kirke (Lair:3)
  A storm dragon (D:11)
  An orc warlord (Bailey)
  A stone giant (D:11)
  A very ugly thing (Depths:1)
  A hydra (Lair:5)
  An alligator snapping turtle (Shoals:2)
  2 two-headed ogres
  A tengu warrior (D:13)
  An orc high priest (Orc:2)
  2 death yaks
  A sea snake (Shoals:1)
  A slime creature (D:12)
  6 harpies
  3 orc knights
  A deep elf pyromancer (D:15)
  An ugly thing (Depths:1)
  2 manticores
  A merfolk siren (Shoals:2)
  2 black mambas
  Joseph (D:8)
  A cane toad (Lair:3)
  2 gargoyles
  2 merfolk (Shoals:2)
  A tyrant leech (Lair:5)
  2 blink frogs
  6 yaks
  3 water elementals (Shoals:2)
  A basilisk (Lair:1)
  A human (Lair:3)
  2 vampire mosquitoes (D:14)
  2 ice beasts
  6 orc warriors
  A centaur (D:5)
  An ogre (D:4)
  3 bullfrogs
  10 killer bees
  A jelly (Lair:5)
  3 orc wizards
  A river rat (D:6)
  An adder (Sewer)
  2 orcs
  A ball python (Sewer)
  A goblin (Bailey)
  A bush (Lair:5)
  69 fungi
  173 plants
  4 withered plants
333 creatures vanquished.

Grand Total: 1112 creatures vanquished

Notes
Turn   | Place    | Note
-------+----------+-------------------------------------------
     0 | D:1      | arthad the Felid Summoner began the quest for the Orb.
     0 | D:1      | Reached XP level 1. HP: 7/7 MP: 4/4
   326 | D:1      | Reached XP level 2. HP: 11/11 MP: 1/6
   387 | D:1      | Learned a level 2 spell: Call Imp
  1127 | D:2      | Reached skill level 5 in Summonings
  1222 | D:2      | Reached XP level 3. HP: 14/14 MP: 4/7
  1523 | D:2      | Identified the amulet "Oraipra" {RegenMP rPois rF- Regen+
                  | Str+3}
  1668 | D:2      | Identified the -2 pair of boots of the Unbroken {rN+ Will+}
  1793 | D:2      | Learned a level 3 spell: Call Canine Familiar
  1819 | D:2      | Found an ornate altar of the Wu Jian Council.
  2339 | D:3      | Reached skill level 1 in Hexes
  2339 | D:3      | Reached XP level 4. HP: 18/18 MP: 2/8
  2441 | D:3      | Found an ancient bone altar of Kikubaaqudgha.
  2533 | D:3      | Found an opulent altar of Gozag.
  2535 | D:3      | Found Gozag's Platinum Reserve.
  2554 | D:3      | Became a worshipper of Gozag Ym Sagoz the Greedy
  2778 | D:3      | Reached skill level 1 in Fighting
  2778 | D:3      | Reached XP level 5. HP: 22/22 MP: 5/9
  3052 | D:3      | Found a sacrificial altar of Ru.
  3084 | D:3      | Found a burning altar of Makhleb.
  3215 | D:3      | Learned a level 3 spell: Summon Guardian Golem
  3482 | D:4      | Noticed Grinder
  3485 | D:3      | Paralysed by Grinder for 3 turns
  3488 | D:3      | Slain by Grinder
  3489 | D:3      | Reached XP level 4. HP: -2/19 MP: 9/9
  3639 | D:3      | Killed Grinder
  3640 | D:3      | Reached skill level 6 in Summonings
  3640 | D:3      | Reached XP level 5. HP: 22/22 MP: 0/11
  3640 | D:3      | Gained mutation: You are covered in thick fur. (AC +2)
                  | [Felid growth]
  3640 | D:3      | Reached XP level 6. HP: 26/26 MP: 0/12
  4252 | D:4      | Found a staircase to the Ecumenical Temple.
  4358 | D:4      | Found a basalt altar of Yredelemnul.
  4696 | D:4      | Reached XP level 7. HP: 30/30 MP: 7/13
  4701 | D:4      | Learned a level 4 spell: Summon Lightning Spire
  4949 | D:5      | Entered Level 5 of the Dungeon
  4991 | D:5      | Reached skill level 1 in Air Magic
  5124 | D:5      | Killed by an exploding themself... ignited by their inner
                  | flame
  5125 | D:5      | Reached XP level 6. HP: -10/27 MP: 12/12
  5294 | D:5      | Found an ornate altar of the Wu Jian Council.
  5320 | D:5      | Reached XP level 7. HP: 30/30 MP: 14/14
  5433 | D:5      | Found a glowing silver altar of Zin.
  5571 | D:5      | Found a hazy altar of Hepliaklqana.
  5630 | D:5      | Reached skill level 5 in Hexes
  5693 | D:5      | Reached skill level 5 in Dodging
  5693 | D:5      | Reached skill level 7 in Summonings
  5810 | D:5      | Found a blossoming altar of Fedhas.
  5985 | D:6      | Noticed a wraith
  5994 | D:6      | Killed a wraith
  6045 | D:6      | Reached XP level 8. HP: 34/34 MP: 15/15
  6092 | D:6      | Found a glowing drain.
  6125 | D:6      | Found a sparkling altar of Nemelex Xobeh.
  6127 | D:6      | Found a stormy altar of Qazlal.
  6142 | Sewer    | Entered a sewer
  7094 | D:7      | Found a sand-covered staircase.
  7100 | Ossuary  | Entered an ossuary
  7266 | Ossuary  | Reached skill level 8 in Summonings
  7537 | D:7      | Identified 4 scrolls of acquirement
  7539 | D:7      | Acquired the ring "Xishreih" {rF++ Str+4 Dex+6}
  7543 | D:7      | Acquired 825 gold pieces
  7545 | D:7      | Acquired 390 gold pieces
  7547 | D:7      | Acquired 978 gold pieces
  7653 | D:7      | Found a bloodstained altar of Trog.
  7851 | D:7      | Reached skill level 5 in Spellcasting
  7851 | D:7      | Reached XP level 9. HP: 39/39 MP: 17/17
  8030 | D:8      | Found a flagged portal.
  8082 | Bailey   | Entered a bailey
  8089 | Bailey   | Noticed an orc warlord
  8182 | Bailey   | Noticed an orc knight
  8195 | Bailey   | Killed an orc knight
  8196 | Bailey   | Reached skill level 5 in Fighting
  8196 | Bailey   | Reached skill level 5 in Air Magic
  8275 | Bailey   | Found a runed translucent gate.
  8278 | Bailey   | Found a runed translucent gate.
  8280 | Bailey   | Found a runed translucent gate.
  8472 | Bailey   | Killed an orc warlord
  8473 | Bailey   | Reached skill level 9 in Summonings
  8626 | D:8      | Found a staircase to the Lair.
  8627 | D:8      | Noticed a komodo dragon
  8644 | D:8      | Reached XP level 10. HP: 45/45 MP: 16/19
  8793 | D:8      | Noticed Joseph
  8801 | D:8      | Killed Joseph
  9026 | D:8      | Found a shimmering blue altar of Sif Muna.
  9161 | D:8      | Found a shadowy altar of Dithmenos.
  9447 | D:9      | Found a staircase to the Orcish Mines.
  9549 | D:9      | Found a hide-covered altar of Uskayaw.
  9634 | D:9      | Noticed Psyche
  9642 | D:9      | Killed Psyche
  9771 | D:9      | Reached skill level 10 in Summonings
  9853 | D:9      | Noticed a two-headed ogre
  9863 | D:9      | Killed a two-headed ogre
 10233 | D:10     | Entered Level 10 of the Dungeon
 10233 | D:10     | Noticed browni3141's ghost (journeyman TrBe)
 10233 | D:10     | Found a transporter.
 10233 | D:10     | Found a transporter.
 10235 | D:10     | Noticed a two-headed ogre
 10235 | D:10     | Noticed a two-headed ogre
 10267 | D:10     | Reached XP level 11. HP: 41/50 MP: 11/21
 11045 | D:10     | Acquired 955 gold pieces
 11084 | D:11     | Noticed a green ugly thing
 11097 | D:11     | Killed a green ugly thing
 11233 | D:11     | Identified the +8 sling "Exo Isoileg" {elec, Fragile rPois
                  | rCorr Str+4}
 11259 | D:11     | Reached skill level 1 in Evocations
 11269 | D:11     | Noticed a two-headed ogre
 11282 | D:11     | Killed a two-headed ogre
 11406 | D:11     | Acquired 857 gold pieces
 11487 | D:11     | Noticed a storm dragon
 11516 | D:11     | Killed from afar by a storm dragon
 11517 | D:11     | Reached XP level 10. HP: -7/48 MP: 4/21
 11579 | D:11     | Noticed a rakshasa
 11591 | D:11     | Killed a rakshasa
 11619 | D:11     | Noticed an orc warlord
 11643 | D:11     | Killed an orc warlord
 11644 | D:11     | Reached skill level 11 in Summonings
 11693 | D:11     | Reached XP level 11. HP: 52/52 MP: 19/23
 11713 | D:11     | Noticed a cyan ugly thing
 11715 | D:11     | Killed a storm dragon
 11716 | D:11     | Gained mutation: Your thick and shaggy fur keeps you warm.
                  | (AC +3, rC+) [Felid growth]
 11716 | D:11     | Reached XP level 12. HP: 56/56 MP: 7/25
 11805 | D:11     | Noticed a five-headed hydra
 11819 | D:11     | Killed a five-headed hydra
 11934 | D:11     | Noticed a fire giant
 11952 | D:11     | Killed a fire giant
 11953 | D:11     | Reached skill level 10 in Dodging
 12001 | D:11     | Noticed an ettin
 12011 | D:11     | Killed an ettin
 12078 | D:11     | Noticed a stone giant
 12095 | D:11     | Killed a stone giant
 12096 | D:11     | Reached skill level 5 in Evocations
 12153 | D:11     | Identified the +10 falchion of Peniehi {flame, Str+3}
 12269 | D:11     | Reached skill level 12 in Summonings
 12404 | D:11     | Identified the +1 glaive "Diuph" {elec, rF+ Int+3}
 12645 | D:12     | Noticed a two-headed ogre
 12652 | D:12     | Killed a two-headed ogre
 12795 | D:12     | Identified the amulet "Weikh" {Reflect Rampage rF+ Dex-4
                  | SH+5 Stlth+}
 13208 | D:13     | Noticed a catoblepas
 13236 | D:13     | Killed a catoblepas
 13300 | D:13     | Reached XP level 13. HP: 60/60 MP: 23/27
 13468 | D:13     | Learned a level 4 spell: Manifold Assault
 13636 | Lair:1   | Entered Level 1 of the Lair of Beasts
 13694 | Lair:1   | Reached skill level 1 in Translocations
 13700 | Lair:1   | Noticed Gastronok
 13722 | Lair:1   | Killed Gastronok
 13723 | Lair:1   | Reached skill level 1 in Unarmed Combat
 13723 | Lair:1   | Reached skill level 10 in Air Magic
 13952 | Lair:1   | Noticed Fannar
 13977 | Lair:1   | Killed Fannar
 14001 | Lair:1   | Found a runed translucent gate.
 14030 | Lair:1   | Found a runed translucent gate.
 14031 | Lair:1   | Noticed Esekla's ghost (journeyman OpDe)
 14033 | Lair:1   | Found a runed translucent gate.
 14212 | Lair:1   | Noticed Harold
 14225 | Lair:1   | Killed Harold
 14718 | Lair:1   | Bought a scroll of fear for 60 gold pieces
 14724 | Lair:1   | Bought a ring of wizardry for 360 gold pieces
 14731 | Lair:1   | Bought an Inescapable Atlas for 416 gold pieces
 14731 | Lair:1   | Bought a book of Scorching for 390 gold pieces
 14739 | Lair:1   | Learned a level 2 spell: Blink
 14746 | Lair:1   | Learned a level 6 spell: Summon Cactus Giant
 15055 | Lair:2   | Reached skill level 1 in Transmutations
 15080 | Lair:2   | Reached skill level 13 in Summonings
 15791 | Lair:3   | Reached skill level 5 in Translocations
 16066 | Lair:3   | Reached skill level 10 in Spellcasting
 16142 | Lair:3   | Noticed Sonja
 16148 | Lair:3   | Killed Sonja
 16198 | Lair:3   | Noticed Kirke
 16208 | Lair:3   | Killed Kirke
 16209 | Lair:3   | Reached XP level 14. HP: 65/65 MP: 18/29
 16231 | Lair:3   | Found a staircase to the Shoals.
 16350 | Lair:3   | Reached skill level 10 in Fighting
 16868 | Lair:3   | Noticed Urug
 16879 | Lair:3   | Killed Urug
 16962 | Lair:3   | Found a staircase to the Snake Pit.
 17151 | Lair:4   | Found a shadowy altar of Dithmenos.
 17278 | Lair:4   | Noticed Nessos
 17296 | Lair:4   | Killed Nessos
 18212 | Lair:5   | Entered Level 5 of the Lair of Beasts
 18263 | Lair:5   | Reached skill level 5 in Unarmed Combat
 18322 | Lair:5   | Found a staircase to the Slime Pits.
 18549 | Lair:5   | Found a viscous altar of Jiyva.
 18770 | Lair:5   | Reached skill level 5 in Transmutations
 18913 | Lair:5   | Identified the ring of Hacvelin {rF++ rN+}
 18922 | Lair:5   | Identified the +5 dagger of Defiance {pain, *Corrode MP+9
                  | Str+2 Int+3}
 19534 | Lair:5   | Reached XP level 15. HP: 69/69 MP: 27/30
 19542 | Lair:5   | Learned a level 7 spell: Storm Form
 20112 | Orc:1    | Entered Level 1 of the Orcish Mines
 20445 | Orc:1    | Found a runed translucent door.
 20465 | Orc:1    | Noticed Zoap's ghost (journeyman MiBe)
 20763 | Orc:1    | Killed Zoap's ghost
 20839 | Orc:2    | Entered Level 2 of the Orcish Mines
 20889 | Orc:2    | Found Qosideb's Antique Armour Emporium.
 21088 | Orc:2    | Reached skill level 14 in Summonings
 21151 | Orc:2    | Found Noduew's Antique Weapon Emporium.
 21499 | Orc:2    | Found Urac's Book Shoppe.
 21611 | Orc:2    | Found Ifooq's General Store.
 21619 | Orc:2    | Bought a potion of curing for 45 gold pieces
 21637 | Orc:2    | Found a staircase to the Elven Halls.
 21827 | Shoals:1 | Entered Level 1 of the Shoals
 22358 | Shoals:1 | Reached skill level 10 in Translocations
 22710 | Shoals:2 | Found Qisocul's Weapon Shop.
 23496 | Shoals:2 | Reached XP level 16. HP: 74/74 MP: 3/32
 23980 | Lair:1   | Bought a book of Blood for 364 gold pieces
 23990 | Lair:1   | Learned a level 7 spell: Summon Hydra
 23993 | Lair:1   | Learned a level 2 spell: Wereblood
 24287 | D:13     | Found a gate to the Vaults.
 24976 | D:14     | Noticed a storm dragon
 24983 | D:14     | Killed a storm dragon
 25589 | D:15     | Entered Level 15 of the Dungeon
 26252 | D:15     | Found a staircase to the Depths.
 26633 | Depths:1 | Entered Level 1 of the Depths
 26698 | Depths:1 | Found a hazy altar of Hepliaklqana.
 26710 | Depths:1 | Reached skill level 15 in Summonings
 26777 | Depths:1 | Noticed a tengu reaver
 26791 | Depths:1 | Killed from afar by a fire giant
 26792 | Depths:1 | Reached XP level 15. HP: -4/71 MP: 8/32
 26792 | Depths:1 | Found a basalt altar of Yredelemnul.
 26792 | Depths:1 | Noticed a frost giant
 26802 | Depths:1 | Killed a frost giant
 26822 | Depths:1 | Slain by a jiangshi
 26823 | Depths:1 | Reached XP level 14. HP: 0/67 MP: 22/31
 26844 | Depths:1 | Killed a brown very ugly thing
 27054 | Snake:1  | Entered Level 1 of the Snake Pit
 27233 | Snake:1  | Shot with a bolt by a naga sharpshooter

Illustrated notes

Levels and vault maps discovered:
D:1:      dpeg_arrival_tiny_a, layout_loops_cross, grunt_decor_fettered,
          hex_medium
D:2:      layout_basic, basic_altar
D:3:      layout_rooms, nicolae_ru_path_of_blood, mainiacjoe_overflow_boulevard,
          lemuel_crystal_altar, nicolae_gozag_zags_fifth_avenue,
          chequers_serial_rivers_room_b, kennysheep_generic_room_15
D:4:      layout_loops_ring, mainiacjoe_overflow_catwalk,
          minmay_temple_entry_ruins, nicolae_kite_square_tiling_tiny,
          chequers_big_river, fountainhead, minivault_23, uniq_grinder
D:5:      layout_gridville, lemuel_round_altar, fedhas_altar_fruit_tree,
          mainiacjoe_overflow_small_starburst,
          mainiacjoe_overflow_concentric_impassable, serial_rivers,
          chequers_serial_rivers_room_b, chequers_serial_rivers_marsh,
          chequers_serial_rivers_micro_c, chequers_serial_rivers_small_a,
          chequers_serial_rivers_small_3, chequers_serial_rivers_micro_d,
          palyth_stone_intersect
D:6:      layout_rooms, jmf_multi_god_temple, portal_sewer_entry_b
D:7:      lemuel_ice_spiral_2, layout_rooms, old_standard_altar,
          nicolae_ossuary_entry_plus, interstate_on_off, lemuel_flamethrower_1
D:8:      layout_basic, nicolae_overflow_crystal_walls,
          nicolae_sif_muna_little_library, david_lair_shrubbed, enter_bailey_2,
          uniq_joseph
D:9:      layout_loops_cross, nicolae_uskayaw_dance_hall, erik_orc_4,
          uniq_psyche
D:10:     layout_stronghold, gammafunk_ghost_arena, serial_column_ruins,
          column_ruins_hut, column_ruins_open_small, column_ruins_columns_T,
          column_ruins_columns_straight, column_ruins_open_tiny,
          column_ruins_open_small
D:11:     minmay_box_of_curves, layout_basic, special_room [special_room_bee]
D:12:     layout_gridville
D:13:     layout_rooms, erik_vaults_1
D:14:     layout_loops_ring, minmay_checkered_concentric_circles
D:15:     gammafunk_depths_entry_grave, layout_loops_ring,
          grunt_decor_one_mirror, grunt_decor_cap
Lair:1:   layout_gridlike, ebering_ghost_rock_garden, uniq_gastronok,
          uniq_fannar, uniq_harold
Lair:2:   layout_roguey
Lair:3:   layout_cellular_growth, minmay_shoals_entry_beasts,
          nicolae_snake_entry_warm_welcome, pdpol_lair_cavern_descent,
          serial_bayou_shore_a, uniq_sonja, uniq_urug, uniq_kirke
Lair:4:   layout_hall_layers, basic_altar, nzn_sisyphean_effort, uniq_nessos
Lair:5:   minmay_lair_end_frog_pond, layout_long_grid,
          nicolae_slime_entry_field_trip, serial_bayou_ford_a
Shoals:1: layout_shoals
Shoals:2: layout_shoals, serial_shops, nicolae_shop_bloodbath_and_beyond
Snake:1:  layout_misc_corridors, serial_shops, nicolae_shop_window_shopping,
          uniq_azrael, uniq_roxanne
Orc:1:    layout_caves, ebering_ghost_reflecting_pool
Orc:2:    grunt_orc_gardens, layout_caves, grunt_orc_garden, grunt_orc_garden,
          grunt_orc_garden, grunt_orc_garden
Depths:1: layout_cave_pools, hell_entry, serial_shops,
          nicolae_shop_hallway_plus, yredelemnul_altar_generic,
          nzn_hepliaklqana_mist_gate

Skill      XL: |  1  2  3  4  5  6  7  8  9 10 11 12 13 14 15 16 |
---------------+-------------------------------------------------+-----
Summonings     | 5 6 7 8 9 11 12 13 14 15 | 15.1
Dodging        | 3 4 5 6 7 9 10 11 12 13 | 13.5
Hexes          | 1 3 4 5 |  5.0
Fighting       | 1 2 3 4 5 7 8 9 10 11 | 11.3
Spellcasting   | 3 4 5 7 8 9 10 11 12 | 12.0
Air Magic      | 3 4 5 8 9 10 11 | 11.3
Evocations     | 4 1 5 |  5.0
Translocations | 5 8 10 11 | 11.6
Unarmed Combat | 4 6 7 9 |  9.1
Transmutations | 3 5 9 8 |  9.1
Stealth        | |  2.6

Action                     |  1- 3 |  4- 6 |  7- 9 | 10-12 | 13-15 | 16-18 || total
---------------------------+-------+-------+-------+-------+-------+-------++-------
  Melee: Unarmed           |    10 |    13 |    13 |    28 |    79 |    18 ||   161
         Bite              |       |     3 |     4 |     4 |     7 |       ||    18
         Punch             |       |       |       |       |     5 |       ||     5
   Cast: Summon Small Mamm |    65 |    26 |    20 |     8 |    27 |       ||   146
         Call Imp          |    11 |    20 |    21 |    23 |    27 |       ||   102
         Call Canine Famil |     2 |    28 |    41 |    54 |    97 |     4 ||   226
         Summon Guardian G |       |     5 |    25 |    69 |   110 |    18 ||   227
         Summon Lightning  |       |       |    20 |    79 |   189 |    37 ||   325
         Summon Cactus Gia |       |       |       |       |   114 |    13 ||   127
         Summon Hydra      |       |       |       |       |    14 |    64 ||    78
         Manifold Assault  |       |       |       |       |    24 |     2 ||    26
         Blink             |       |       |       |       |     3 |     4 ||     7
         Storm Form        |       |       |       |       |       |     2 ||     2
         Wereblood         |       |       |       |       |       |     1 ||     1
 Invoke: Potion Petition   |       |       |       |     1 |     2 |       ||     3
         Call Merchant     |       |       |       |       |     6 |       ||     6
Ability: Blinkbolt         |       |       |       |       |       |     1 ||     1
  Evoke: Wand              |       |     1 |       |    12 |    10 |       ||    23
         Condenser vane    |       |       |       |     1 |     1 |     1 ||     3
         Phantom mirror    |       |       |       |     1 |     1 |       ||     2
         Box of beasts     |       |       |       |       |     1 |       ||     1
    Use: Potion            |     3 |     1 |       |     2 |    18 |       ||    24
         Scroll            |       |     2 |    17 |     6 |    16 |     2 ||    43
   Stab: Paralysed         |       |     1 |       |     1 |       |       ||     2
         Distracted        |       |       |       |     1 |     2 |     2 ||     5
 Armour: Skin              |     1 |     8 |     1 |     2 |     8 |     1 ||    21
  Dodge: Dodged            |    27 |    50 |    53 |   110 |   300 |    37 ||   577

Table legend: (Time is in decaauts)
 A = Elapsed time spent in this place.
 B = Non-inter-level travel time spent in this place.
 C = Inter-level travel time spent in this place.
 D = Time resting spent in this place.
 E = Time spent auto-exploring this place.
 F = Levels seen in this place.
 G = Mean time per level.
                   A        B        C        D        E       F      G
               +--------+--------+--------+--------+--------+-----+--------+
         Total |  24072 |  23010 |   1062 |    724 |  15571 |  29 |  830.1 |
       Dungeon |  13217 |  12515 |    702 |    316 |   8818 |  15 |  881.1 |
          Lair |   5890 |   5639 |    251 |    132 |   4004 |   5 | 1178.0 |
        Shoals |   2021 |   1971 |     50 |    216 |   1210 |   2 | 1010.5 |
     Snake Pit |     80 |     80 |      0 |      0 |     12 |   1 |   80.0 |
  Orcish Mines |   1464 |   1408 |     56 |     25 |    932 |   2 |  732.0 |
        Depths |    205 |    205 |      0 |     29 |     13 |   1 |  205.0 |
         Sewer |    415 |    415 |      0 |      0 |    162 |   1 |  415.0 |
       Ossuary |    388 |    388 |      0 |      0 |    189 |   1 |  388.0 |
        Bailey |    389 |    389 |      0 |      6 |    227 |   1 |  389.0 |
               +--------+--------+--------+--------+--------+-----+--------+

Top non-repeatable levels by time:
  Lair:5: 1626 daAuts
     D:3: 1480 daAuts
  Lair:3: 1399 daAuts
    D:11: 1349 daAuts
Shoals:2: 1201 daAuts
    D:14: 1070 daAuts
     D:2: 1040 daAuts
  Lair:1: 990 daAuts
     D:1: 985 daAuts
  Lair:4: 942 daAuts
    D:15: 934 daAuts
  Lair:2: 930 daAuts
     D:4: 924 daAuts
     D:5: 874 daAuts
     D:9: 869 daAuts
